 Seeded DCSS version 0.28.0-47-ge53b351184 (webtiles) character file.

Game seed: 658707394872035345 (custom seed)

4 joe1234567 the Slasher (level 1, 0/21 HPs)
             Began as a Naga Berserker on May 2, 2022.
             Was a Follower of Trog.
             Killed from afar by a dart slug (6 damage)
             ... with a slug dart
             ... on level 1 of the Dungeon.
             The game lasted 00:00:44 (127 turns).

joe1234567 the Slasher (Naga Berserker)              Turns: 127, Time: 00:00:45

Health: 0/21       AC:  1    Str: 19    XL:     1   Next: 60%
Magic:  1/1        EV:  9    Int:  7    God:    Trog [*.....]
Gold:   0          SH:  0    Dex: 10    Spells: 0/0 levels left

rFire   . . .      SeeInvis +   a - +0 falchion
rCold   . . .      Faith    .   (no shield)
rNeg    . . .      Spirit   .   b - +0 animal skin
rPois   +          Reflect  .   (no helmet)
rElec   .          Harm     .   (no cloak)
rCorr   .          Rampage  .   (no gloves)
Will    .....                   (no barding)
Stlth   +.........              (no amulet)
HPRegen 0.07/turn               (no ring)
MPRegen 0.07/turn               (no ring)

@: very slow
A: AC +0, large, see invisible, deformed body, poison resistance, slowness 2,
spit poison 1, naga tail 1
a: Spit Poison, Renounce Religion, Berserk


You were on level 1 of the Dungeon.
You worshipped Trog.
Trog was aware of your devotion.
You visited 1 branch of the dungeon, and saw 1 of its levels.

Inventory:

Hand Weapons
 a - a +0 falchion (weapon)
Missiles
 c - 6 javelins
Armour
 b - a +0 animal skin (worn)
Scrolls
 d - a scroll of teleportation {unknown}
Potions
 e - a potion of resistance {unknown}


   Skills:
 + Level 3.1 Fighting
 + Level 3.1 Long Blades
 + Level 1.6 Armour
 + Level 1.6 Dodging


You couldn't memorise any spells.
You didn't know any spells.
Your spell library was empty.

Dungeon Overview and Level Annotations

Branches:
Dungeon (1/15)

Altars:


Innate Abilities, Weirdness & Mutations

Your serpentine skin is tough. (AC +0)
You have supernaturally acute eyesight. (SInv)
Armour fits poorly on your strangely shaped body.
Your system is resistant to poisons. (rPois)
You cover ground very slowly.
You can spit poison.
You have a snake-like lower body.


Message History

Found a scroll labelled RISSUTR VAGG.
The giant cockroach bites you.
The giant cockroach bites you but does no damage.
The giant cockroach barely misses you. The giant cockroach bites you.
The giant cockroach completely misses you.
You see here a scroll labelled RISSUTR VAGG.
The giant cockroach bites you. The giant cockroach barely misses you.
The giant cockroach completely misses you.
The giant cockroach bites you.
Unknown command.
You completely miss the giant cockroach.
The giant cockroach bites you.
You hit the giant cockroach.
You kill the giant cockroach!
Trog accepts your kill.
You see here a giant cockroach corpse.
d - a scroll labelled RISSUTR VAGG
e - a brown potion You see here a +0 short sword.
You open the door.
A dart slug comes into view.
Found a scroll labelled RISSUTR VAGG.
There is an open door here.
The dart slug bites you. The dart slug launches a dart at you.
The slug dart hits you.
You open the door. The dart slug launches a dart at you.
The slug dart hits you.
* * * LOW HITPOINT WARNING * * *
There is an open door here.
The dart slug launches a dart at you. The slug dart misses you.
The dart slug launches a dart at you. The slug dart misses you.
The dart slug launches a dart at you. The slug dart hits you.
You die...

#.. # #?# ##
.####.# .. .....##
#. #....# #. #....#
#
#.######....#######
#.@...w'....'....+.
########....####.##
#.....# #.# #.....#
#.## #.....# #...
#.....# ####
#.....# ###.... ##
#.


You could see a dart slug.

Vanquished Creatures
  A giant cockroach (D:1)
  A goblin (D:1)
  A bat (D:1)
  A frilled lizard (D:1)
4 creatures vanquished.

Notes
Turn   | Place    | Note
-------+----------+-------------------------------------------
     0 | D:1      | joe1234567 the Naga Berserker began the quest for the Orb.
     0 | D:1      | Reached XP level 1. HP: 21/21 MP: 1/1
   127 | D:1      | Killed from afar by a dart slug

Illustrated notes

Levels and vault maps discovered:
D:1:      mrwooster_arrival_arrow, layout_basic, st_stairs_6

Action                   || total
-------------------------++-------
Melee: Falchion          ||     5
  Use: Scroll            ||     1
Armor: Animal skin       ||     4
Dodge: Dodged            ||     9
